FSL
DAYTONA TORTUGAS @ LAKELAND FLYING TIGERS
09/13/2080
 
TOP OF THE 1ST
Daytona Tortugas batting - Pitching for Lakeland Flying Tigers : RHP Rich Gitt
Pitching: RHP Rich Gitt
Batting: RHB Ronnie Shedden 0-0: Ball
1-0: Called Strike
1-1: Foul Ball, location: 2F
1-2: Ball
2-2: Ground out 6-3 (Groundball, 6, EV 101.2 MPH)
Batting: RHB David Farrugia 0-0: Ball
1-0: Foul Ball, location: 2F
1-1: Foul Ball, location: 2F
1-2: Ball
2-2: Strikes out swinging
Batting: LHB Jesse Scott 0-0: Ball
1-0: Ball
2-0: Ball
3-0: Base on Balls
Batting: RHB Matt Lee 0-0: Foul Ball, location: 2F
0-1: Foul Ball, location: 2F
0-2: Foul Ball, location: 2F
0-2: Foul Ball, location: 2F
0-2: Strikes out swinging
Top of the 1st over - 0 runs, 0 hits, 0 errors, 1 left on base; Daytona 0 - Lakeland 0
BOTTOM OF THE 1ST
Lakeland Flying Tigers batting - Pitching for Daytona Tortugas : RHP Jon Large
Pitching: RHP Jon Large
Batting: RHB Greg Burciaga 0-0: Ball
1-0: Foul Ball, location: 2F
1-1: Swinging Strike
1-2: Ground out 3-1 (Groundball, 34, EV 86.2 MPH)
Batting: LHB Nick Tudor 0-0: Ball
1-0: Fly out, F8 (Flyball, 8RD, EV 83.8 MPH)
Batting: RHB Chris Otero 0-0: Ground out 4-3 (Groundball, 4, EV 83.1 MPH)
Bottom of the 1st over - 0 runs, 0 hits, 0 errors, 0 left on base; Daytona 0 - Lakeland 0
TOP OF THE 2ND
Daytona Tortugas batting - Pitching for Lakeland Flying Tigers : RHP Rich Gitt
Batting: SHB Paul Green 0-0: Called Strike
0-1: Ball
1-1: Foul Ball, location: 2F
1-2: Ball
2-2: Strikes out looking
Batting: RHB Rosario Cannavo 0-0: Ball
1-0: Ball
2-0: Foul Ball, location: 2F
2-1: Foul Ball, location: 2F
2-2: Ball
3-2: SINGLE (Groundball, 4D, EV 102.5 MPH)
Batting: RHB Wes Burrows 0-0: Called Strike
0-1: Called Strike
0-2: Ball
1-2: Ball
2-2: Ball
3-2: Ground out 4-3 (Groundball, 13, EV 84.4 MPH)
Rosario Cannavo to second
Batting: RHB Cory Meyers 0-0: Ball
1-0: Ball
2-0: Reached on error, E5 (Groundball, 5, EV 87.5 MPH)
Rosario Cannavo to third
Batting: RHB Fernando Velasquez 0-0: Ball
1-0: Foul Ball, location: 2F
1-1: Ball
2-1: Reached on error, E6 (Groundball, 6, EV 106.2 MPH)
Rosario Cannavo scores
Cory Meyers to second
Batting: RHB Ronnie Shedden 0-0: Swinging Strike
0-1: Foul Ball, location: 2F
0-2: Fly out, F6 (Line Drive, 6MD, EV 68.8 MPH)
Top of the 2nd over - 1 run, 1 hit, 2 errors, 2 left on base; Daytona 1 - Lakeland 0
BOTTOM OF THE 2ND
Lakeland Flying Tigers batting - Pitching for Daytona Tortugas : RHP Jon Large
Batting: RHB Bobby Graves 0-0: Called Strike
0-1: Swinging Strike
0-2: Foul Ball, location: 2F
0-2: Ball
1-2: Ground out 4-3 (Groundball, 4, EV 78.1 MPH)
Batting: RHB Josh Panos 0-0: Ball
1-0: Swinging Strike
1-1: Ground out 5-3 (Groundball, 5S, EV 69.4 MPH)
Batting: RHB Angelo Quiroz Jr. 0-0: Ball
1-0: Ball
2-0: Called Strike
2-1: Foul Ball, location: 2F
2-2: Ball
3-2: Foul Ball, location: 2F
3-2: Foul Ball, location: 2F
3-2: Ground out 5-3 (Groundball, 5L, EV 85.0 MPH)
Bottom of the 2nd over - 0 runs, 0 hits, 0 errors, 0 left on base; Daytona 1 - Lakeland 0
TOP OF THE 3RD
Daytona Tortugas batting - Pitching for Lakeland Flying Tigers : RHP Rich Gitt
Batting: RHB David Farrugia 0-0: Ball
1-0: Fly out, F8 (Flyball, 78S, EV 91.9 MPH)
Batting: LHB Jesse Scott 0-0: Called Strike
0-1: Ball
1-1: SINGLE (Groundball, 4MD, EV 107.5 MPH)
Batting: RHB Matt Lee 0-0: Called Strike
0-1: Foul Ball, location: 2F
0-2: Strikes out looking
Batting: SHB Paul Green 0-0: Called Strike
0-1: Ground out U3 (Groundball, 3L, EV 88.8 MPH)
Top of the 3rd over - 0 runs, 1 hit, 0 errors, 1 left on base; Daytona 1 - Lakeland 0
BOTTOM OF THE 3RD
Lakeland Flying Tigers batting - Pitching for Daytona Tortugas : RHP Jon Large
Batting: RHB Rogelio Avalos 0-0: Ball
1-0: Swinging Strike
1-1: Swinging Strike
1-2: Ground out U3 (Groundball, 3S, EV 75.6 MPH)
Batting: LHB Adam Black 0-0: Called Strike
0-1: Ground out 5-3 (Groundball, 56, EV 101.9 MPH)
Batting: LHB Jim Unknown 0-0: Ball
1-0: Ground out 4-3 (Groundball, 4, EV 94.4 MPH)
Bottom of the 3rd over - 0 runs, 0 hits, 0 errors, 0 left on base; Daytona 1 - Lakeland 0
TOP OF THE 4TH
Daytona Tortugas batting - Pitching for Lakeland Flying Tigers : RHP Rich Gitt
Batting: RHB Rosario Cannavo 0-0: Fly out, F2 (Popup, 25F, EV 91.9 MPH)
Batting: RHB Wes Burrows 0-0: Ball
1-0: Ball
2-0: Called Strike
2-1: Fly out, F8 (Flyball, 8LD, EV 106.2 MPH)
Batting: RHB Cory Meyers 0-0: Ball
1-0: DOUBLE (Flyball, 8RXD, EV 105.6 MPH)
Batting: RHB Fernando Velasquez 0-0: Ball
1-0: Ground out 5-3 (Groundball, 56, EV 85.6 MPH)
Top of the 4th over - 0 runs, 1 hit, 0 errors, 1 left on base; Daytona 1 - Lakeland 0
BOTTOM OF THE 4TH
Lakeland Flying Tigers batting - Pitching for Daytona Tortugas : RHP Jon Large
Batting: RHB Greg Burciaga 0-0: Ball
1-0: Foul Ball, location: 2F
1-1: Called Strike
1-2: Ball
2-2: Ground out 5-3 (Groundball, 15, EV 83.8 MPH)
Batting: LHB Nick Tudor 0-0: SINGLE (Groundball, 23, EV 68.8 MPH) (infield hit)
Batting: RHB Chris Otero 0-0: Called Strike
0-1: Ball
1-1: Foul Ball, location: 2F
1-2: Fly out, F9 (Flyball, 9LS, EV 85.6 MPH)
Batting: RHB Bobby Graves 0-0: Foul Ball, location: 2F
0-1: Ball
1-1: Fly out, F9 (Flyball, 89M, EV 75.6 MPH)
Bottom of the 4th over - 0 runs, 1 hit, 0 errors, 1 left on base; Daytona 1 - Lakeland 0
TOP OF THE 5TH
Daytona Tortugas batting - Pitching for Lakeland Flying Tigers : RHP Rich Gitt
Pitching: RHP Danny Ortega
Batting: RHB Ronnie Shedden 0-0: Ball
1-0: Foul Ball, location: 2F
1-1: Foul Ball, location: 2F
1-2: Foul Ball, location: 2F
1-2: Foul Ball, location: 2F
1-2: SOLO HOME RUN (Flyball, 78XD, EV 110.6 MPH), Distance : 420 ft
Batting: RHB David Farrugia 0-0: Called Strike
0-1: Ball
1-1: Foul Ball, location: 2F
1-2: Fly out, F4 (Flyball, 34D, EV 86.9 MPH)
Batting: LHB Jesse Scott 0-0: Called Strike
0-1: Ball
1-1: Fly out, F8 (Flyball, 8LD, EV 82.5 MPH)
Batting: RHB Matt Lee 0-0: Ball
1-0: Ball
2-0: Swinging Strike
2-1: Foul Ball, location: 2F
2-2: Ball
3-2: Strikes out swinging
Top of the 5th over - 1 run, 1 hit, 0 errors, 0 left on base; Daytona 2 - Lakeland 0
BOTTOM OF THE 5TH
Lakeland Flying Tigers batting - Pitching for Daytona Tortugas : RHP Jon Large
Batting: RHB Josh Panos 0-0: Ball
1-0: Called Strike
1-1: DOUBLE (Groundball, 5L, EV 95.0 MPH)
Batting: RHB Angelo Quiroz Jr. 0-0: Called Strike
0-1: Foul Ball, location: 2F
0-2: Foul Ball, location: 2F
0-2: Foul Ball, location: 2F
0-2: Strikes out swinging
Batting: RHB Rogelio Avalos 0-0: Called Strike
0-1: Fly out, F7 (Flyball, 7D, EV 81.2 MPH)
Batting: LHB Adam Black 0-0: Called Strike
0-1: Ball
1-1: Foul Ball, location: 2F
1-2: Ball
2-2: Strikes out swinging
Bottom of the 5th over - 0 runs, 1 hit, 0 errors, 1 left on base; Daytona 2 - Lakeland 0
TOP OF THE 6TH
Daytona Tortugas batting - Pitching for Lakeland Flying Tigers : RHP Danny Ortega
Batting: SHB Paul Green 0-0: Ground out 6-3 (Groundball, 6, EV 91.9 MPH)
Batting: RHB Rosario Cannavo 0-0: Ball
1-0: Ball
2-0: Swinging Strike
2-1: Ball
3-1: Called Strike
3-2: Foul Ball, location: 2F
3-2: Strikes out looking
Batting: RHB Wes Burrows 0-0: Ground out 6-3 (Groundball, 6, EV 88.8 MPH)
Top of the 6th over - 0 runs, 0 hits, 0 errors, 0 left on base; Daytona 2 - Lakeland 0
BOTTOM OF THE 6TH
Lakeland Flying Tigers batting - Pitching for Daytona Tortugas : RHP Jon Large
Batting: LHB Jim Unknown 0-0: Called Strike
0-1: Swinging Strike
0-2: Ball
1-2: Foul Ball, location: 2F
1-2: Ball
2-2: Strikes out looking
Batting: RHB Greg Burciaga 0-0: Called Strike
0-1: Ball
1-1: Ball
2-1: Foul Ball, location: 2F
2-2: DOUBLE (Flyball, 89D, EV 106.9 MPH)
Batting: LHB Nick Tudor 0-0: Fly out, F8 (Line Drive, 78M, EV 91.2 MPH)
Batting: RHB Chris Otero 0-0: Ground out 6-3 (Groundball, 56, EV 83.1 MPH)
Bottom of the 6th over - 0 runs, 1 hit, 0 errors, 1 left on base; Daytona 2 - Lakeland 0
TOP OF THE 7TH
Daytona Tortugas batting - Pitching for Lakeland Flying Tigers : RHP Danny Ortega
Batting: RHB Cory Meyers 0-0: Foul Ball, location: 2F
0-1: Foul Ball, location: 2F
0-2: Strikes out swinging
Batting: RHB Fernando Velasquez 0-0: Ground out 3-1 (Groundball, 34, EV 111.2 MPH)
Batting: RHB Ronnie Shedden 0-0: Called Strike
0-1: Ball
1-1: Swinging Strike
1-2: Ball
2-2: Strikes out swinging
Top of the 7th over - 0 runs, 0 hits, 0 errors, 0 left on base; Daytona 2 - Lakeland 0
BOTTOM OF THE 7TH
Lakeland Flying Tigers batting - Pitching for Daytona Tortugas : RHP Jon Large
Batting: RHB Bobby Graves 0-0: Ball
1-0: Ball
2-0: Foul Ball, location: 2F
2-1: Ball
3-1: Called Strike
3-2: Strikes out swinging
Batting: RHB Josh Panos 0-0: Foul Ball, location: 2F
0-1: Swinging Strike
0-2: Ball
1-2: Ball
2-2: Foul Ball, location: 2F
2-2: Ball
3-2: Strikes out looking
Batting: RHB Angelo Quiroz Jr. 0-0: Ball
1-0: Ground out 6-3 (Groundball, 6, EV 89.4 MPH)
Bottom of the 7th over - 0 runs, 0 hits, 0 errors, 0 left on base; Daytona 2 - Lakeland 0
TOP OF THE 8TH
Daytona Tortugas batting - Pitching for Lakeland Flying Tigers : RHP Danny Ortega
Batting: RHB David Farrugia 0-0: SINGLE (Groundball, 56D, EV 105.6 MPH)
Batting: LHB Jesse Scott 0-0: Ball
1-0: Ball
2-0: Ball
3-0: Base on Balls
David Farrugia to second
Batting: RHB Matt Lee 0-0: Foul Ball, location: 2F
0-1: Foul Ball, location: 2F
0-2: Fielders Choice at 2nd, 6-4 (Groundball, 6, EV 91.9 MPH)
David Farrugia to third
Batting: SHB Paul Green 0-0: Foul Ball, location: 2F
0-1: Called Strike
0-2: Strikes out looking
Batting: RHB Rosario Cannavo 0-0: Ball
1-0: SINGLE (Line Drive, 56D, EV 107.5 MPH)
David Farrugia scores
Matt Lee to second
Batting: RHB Wes Burrows 0-0: Fielders Choice at 2nd, 5-4 (Groundball, 5, EV 83.8 MPH)
Top of the 8th over - 1 run, 2 hits, 0 errors, 2 left on base; Daytona 3 - Lakeland 0
BOTTOM OF THE 8TH
Lakeland Flying Tigers batting - Pitching for Daytona Tortugas : RHP Jon Large
Batting: RHB Rogelio Avalos 0-0: Called Strike
0-1: Foul Ball, location: 2F
0-2: Ball
1-2: Foul Ball, location: 2F
1-2: Ball
2-2: Ball
3-2: SINGLE (Groundball, 34D, EV 106.2 MPH)
Pitching: RHP Andy LeMire
Batting: LHB Adam Black 0-0: Foul Ball, location: 2F
0-1: Ball
1-1: Foul Ball, location: 2F
1-2: Foul Ball, location: 2F
1-2: Ball
2-2: Foul Ball, location: 2F
2-2: Foul Ball, location: 2F
2-2: Ball
3-2: Fly out, F8 (Flyball, 8RM, EV 91.9 MPH)
Batting: LHB Jim Unknown 0-0: Ball
1-0: Called Strike
1-1: Ball
2-1: Called Strike
2-2: Strikes out swinging
Batting: RHB Greg Burciaga 0-0: Foul Ball, location: 2F
0-1: Foul Ball, location: 2F
0-2: SINGLE (Line Drive, 8LS, EV 95.0 MPH)
Rogelio Avalos to second
Batting: LHB Nick Tudor 0-0: Called Strike
0-1: Foul Ball, location: 2F
0-2: Foul Ball, location: 2F
0-2: Ball
1-2: Ball
2-2: Ball
3-2: SINGLE (Line Drive, 3D, EV 96.9 MPH)
Rogelio Avalos to third
Greg Burciaga to second
Rogelio Avalos scores
Greg Burciaga to third
Batting: RHB Chris Otero 0-0: Ground out 4-3 (Groundball, 34, EV 81.9 MPH)
Bottom of the 8th over - 1 run, 3 hits, 0 errors, 2 left on base; Daytona 3 - Lakeland 1
TOP OF THE 9TH
Daytona Tortugas batting - Pitching for Lakeland Flying Tigers : RHP Danny Ortega
Batting: RHB Cory Meyers 0-0: Ball
1-0: Called Strike
1-1: Swinging Strike
1-2: Ball
2-2: Strikes out swinging
Batting: RHB Fernando Velasquez 0-0: Foul Ball, location: 2F
0-1: Ball
1-1: Foul Ball, location: 2F
1-2: Foul Ball, location: 2F
1-2: SINGLE (Groundball, 34D, EV 101.2 MPH)
Batting: RHB Ronnie Shedden 0-0: SINGLE (Line Drive, 7LS, EV 91.2 MPH)
Fernando Velasquez to second
Pitching: RHP Ron Sledge
Batting: RHB David Farrugia 0-0: Ball
1-0: Called Strike
1-1: Ball
2-1: Called Strike
2-2: Foul Ball, location: 2F
2-2: Foul Ball, location: 2F
2-2: Fly out, F7 (Flyball, 7, EV 90.6 MPH)
Batting: LHB Jesse Scott 0-0: Foul Ball, location: 2F
0-1: Swinging Strike
0-2: Ball
1-2: SINGLE (Groundball, 6D, EV 103.1 MPH)
Fernando Velasquez to third
Ronnie Shedden to second
Batting: RHB Matt Lee 0-0: Swinging Strike
0-1: Ground out 5-3 (Groundball, 5S, EV 90.6 MPH)
Top of the 9th over - 0 runs, 3 hits, 0 errors, 3 left on base; Daytona 3 - Lakeland 1
BOTTOM OF THE 9TH
Lakeland Flying Tigers batting - Pitching for Daytona Tortugas : RHP Andy LeMire
Now in RF: Nick Rankine
Batting: RHB Bobby Graves 0-0: Foul Ball, location: 2F
0-1: Foul Ball, location: 2F
0-2: Strikes out swinging
Batting: RHB Josh Panos 0-0: Ball
1-0: Called Strike
1-1: Foul Ball, location: 2F
1-2: Strikes out swinging
Batting: RHB Angelo Quiroz Jr. 0-0: Called Strike
0-1: Ball
1-1: Ball
2-1: Foul Ball, location: 2F
2-2: Ball
3-2: Fly out, F8 (Flyball, 8RS, EV 89.4 MPH)
Bottom of the 9th over - 0 runs, 0 hits, 0 errors, 0 left on base; Daytona 3 - Lakeland 1
Wednesday, July 27th , 2022 - OOTP Baseball 23.5 Build 73